 Dungeon Crawl Stone Soup version 0.31.0-11-ge490571c62 (webtiles) character file.

Game seed: 9104301605458562630

116 DeltaZero the Magician (level 4, -3/24 HPs)
             Began as a Deep Elf Earth Elementalist on Feb 9, 2024.
             Slain by a gnoll
             ... wielding a +0 flail
              (5 damage)
             ... on level 3 of the Dungeon.
             The game lasted 00:03:44 (1441 turns).

DeltaZero the Magician (DEEE)                       Turns: 1441, Time: 00:03:45

Health: -3/24      AC:  3    Str:  5    XL:     4   Next: 70%
Magic:  13/13      EV: 12    Int: 22    God:
Gold:   54         SH:  0    Dex: 15    Spells: 12/13 levels left

rFire   . . .        (no weapon)
rCold   . . .        (no shield)
rNeg    . . .        a - +0 robe
rPois   .            (no helmet)
rElec   .            (no cloak)
rCorr   .            (no gloves)
SInv    .            p - +0 pair of boots
Will    .....        j - amulet of magic regeneration
Stlth   ++           (no ring)
HPRegen 0.24/turn    (no ring)
MPRegen 0.53/turn

%: no passive effects
@: no status effects
A: no striking features
a: no special abilities


You were on level 3 of the Dungeon.
You visited 1 branch of the dungeon, and saw 3 of its levels.

You collected 54 gold pieces.

Inventory:

Armour
 a - a +0 robe (worn)
 p - a +0 pair of boots (worn)
Jewellery
 j - an amulet of magic regeneration (around neck)
Scrolls
 d - a scroll of acquirement {unknown}
 e - 4 scrolls of blinking {unknown}
 g - a scroll of teleportation {unknown}
 i - a scroll of fog {unknown}
 k - 3 scrolls of identify {unknown}
 l - a scroll of enchant weapon {unknown}
 m - a scroll of enchant armour {unknown}
 o - a scroll of immolation {unknown}
Potions
 b - a potion of magic
 c - 2 potions of curing {unknown}
 f - a potion of mutation {unknown}
 h - a potion of resistance {unknown}
 n - 2 potions of cancellation {unknown}
 q - a potion of might {unknown}


   Skills:
 + Level 2.5 Dodging
 + Level 2.8 Stealth
 + Level 5.2 Spellcasting
 + Level 1.1 Conjurations
 + Level 4.6 Earth Magic


You had 12 spell levels left.
You knew the following spells:

 Your Spells              Type           Power      Damage    Failure   Level
a - Sandblast             Erth           52%        2d12      1%          1

Your spell library contained the following spells:

 Spells                   Type           Power      Damage    Failure   Level
 Passwall                 Erth           26%        N/A       4%          3
 Stone Arrow              Conj/Erth      36%        3d9       9%          3
 Brom's Barrelling Bould  Conj/Erth      18%        2d4       30%         4
 Petrify                  Alch/Erth      15%        N/A       36%         4


Dungeon Overview and Level Annotations

Branches:
Dungeon (3/15)

Altars:


Message History

Found 2 stones.
You see here 2 stones.
Found a stone staircase leading down.
You enter the shallow water.
Moving in this stuff is going to be slow.
A gnoll comes into view. It is wielding a +3 whip.
The gnoll shouts!
You see here a pink potion.
A gnoll is nearby!
You can't see any susceptible monsters within range! (Use Z to cast anyway.)
You can't see any susceptible monsters within range! (Use Z to cast anyway.)
You can't see any susceptible monsters within range! (Use Z to cast anyway.)
A gnoll comes into view. It is wielding a +0 whip.
The gnoll shouts!
You hear a shout!
A gnoll comes into view. It is wielding a +0 flail.
The gnoll moves out of view.
You hear a shout!
You can't see any susceptible monsters within range! (Use Z to cast anyway.)
You can't see any susceptible monsters within range! (Use Z to cast anyway.)
A gnoll comes into view. It is wielding a +0 spear.
The blast of sand hits the gnoll!
The gnoll is almost dead.
The gnoll barely misses you.
The blast of sand misses the gnoll.
The blast of sand hits the gnoll!
You kill the gnoll!
The gnoll hits you with a +3 whip!
The blast of sand hits the gnoll!
You kill the gnoll!
The gnoll hits you from afar with a +0 spear.
The gnoll closely misses you. The gnoll hits you with a +0 flail!
Ouch! That really hurt!
* * * LOW HITPOINT WARNING * * *
You are too injured to fight recklessly!
You are too injured to fight recklessly!
You are too injured to fight recklessly!
You are too injured to fight recklessly!
You are too injured to fight recklessly!
You see here a pink potion.
The gnoll attacks as it pursues you! The gnoll hits you with a +0 flail.
You die...

#.#..... #.#.#...
..##....... ...........
.###..<.## ####.#.# #
..###.#)# ##.#.#######
.....#.#.#
........@g.##...........
#..####.##g.)).....#.###
#.#####....###. ...# #.#
..## ## #... #.# .# ...#
#.# # #..# #.# ###..##
#.# #.....# ##.#######


You could see 2 gnolls.

Vanquished Creatures
  3 adders (D:2)
  2 gnolls (D:3)
  2 ribbon worms (D:2)
  3 dart slugs
  4 orcs (D:3)
  7 endoplasms
  2 giant cockroaches (D:2)
  4 goblins
  3 hobgoblins
  4 jackals (D:1)
  3 quokkas
  A ball python (D:1)
  A bat (D:3)
  4 frilled lizards
  6 kobolds
  5 rats
54 creatures vanquished.

Notes
Turn   | Place    | Note
-------+----------+-------------------------------------------
     0 | D:1      | DeltaZero the Deep Elf Earth Elementalist began the quest
                  | for the Orb.
     0 | D:1      | Reached XP level 1. HP: 10/10 MP: 6/6
    91 | D:1      | Reached XP level 2. HP: 14/15 MP: 0/8
   600 | D:2      | Reached skill level 4 in Spellcasting
   725 | D:2      | Reached XP level 3. HP: 19/19 MP: 8/10
   940 | D:2      | Reached XP level 4. HP: 24/24 MP: 12/12
  1197 | D:3      | Reached skill level 5 in Spellcasting
  1441 | D:3      | Slain by a gnoll

Illustrated notes

Levels and vault maps discovered:
D:1:      ncdulo_wetmaze, layout_rooms
D:2:      layout_rooms, chequers_serial_rivers_micro_e
D:3:      layout_loops_ring, zin_scriptorium, serial_bayou,
          serial_bayou_shore_b, serial_bayou_crossing, serial_bayou_pond_c,
          serial_bayou_lagoon_a

Skill      XL: |  1  2  3  4 |
---------------+-------------+-----
Spellcasting   | 4 5 |  5.2
Earth Magic    | 4 |  4.6
Dodging        | |  2.5
Stealth        | |  2.8
Conjurations   | |  1.1

Action                     |  1- 3 |  4- 6 || total
---------------------------+-------+-------++-------
  Melee: Unarmed           |    13 |     1 ||    14
   Cast: Sandblast         |    46 |    25 ||    71
 Armour: Robe              |    19 |     8 ||    27
  Dodge: Dodged            |    30 |     6 ||    36
